Map: Newkirk Precinct TE (Void)

Players

Luqatrony

  • Race: Zerg Zerg
  • League: Silver
  • Spawn Location: 5:00

RxSeven - Winner!

  • Race: Protoss Protoss
  • Spawn Location: 7:00

VOD

Have the link to the VOD?

Description

Time

  • Played on: Jan. 31, 2017, 1:31 a.m.
  • Length: 12:03
Show
View Real Time Build Order
Export as new Build Order

Luqatrony Zerg 

Build Orders: Pool First 

Get SALT Encoding   

  12  0:04  Drone  
  13  0:08  Drone  
  14  0:18  Overlord  
  14  0:30  Overlord  
  14  0:47  Spawning Pool  
  14  0:49  Extractor  
  12  0:50  Drone  
  13  0:59  Extractor  
  13  1:00  Drone x2  
  14  1:17  Drone  
  14  1:18  Drone  
  16  1:24  Drone  
  17  1:39  Roach Warren  
  16  1:46  Lair  
  16  1:51  Zergling x2  
  17  1:57  Zergling x2  
  18  2:05  Drone  
  18  2:06  Drone  
  20  2:26  Baneling Nest  
  19  2:30  Roach  
  19  2:32  Zergling x2  
  22  2:44  Queen  
  24  3:45  Zergling x4  
  24  3:46  Zergling x2  
  27  4:07  Overlord  
  27  4:18  Overlord  
  27  4:25  Queen  
  29  4:31  Zergling x2  
  30  5:40  Zergling x8  
  30  5:41  Zergling x4  
  30  5:42  Roach  
  38  5:43  Overlord  
  38  5:44  Overlord  
  38  6:05  Hatchery  
  38  6:08  Baneling  
  38  6:09  Baneling  
  38  6:10  Baneling  
  37  6:11  Baneling  
  37  6:13  Baneling  
  37  6:14  Baneling  
  37  6:15  Baneling  
  37  6:16  Baneling  
  37  6:22  Zergling x6  
  40  6:30  Baneling  
  40  6:31  Baneling  
  40  6:32  Baneling  
  39  6:49  Drone x2  
  41  7:08  Spire  
  40  7:11  Drone x2  
  42  7:50  Roach x4  
  42  7:51  Roach x2  
  54  8:13  Spine Crawler  
  54  8:15  Zergling x8  
  54  8:18  Metabolic Boost  
  57  8:26  Drone x2  
  60  8:27  Drone  
  60  8:32  Overlord  
  60  8:33  Overlord  
  60  8:41  Baneling  
  60  8:42  Baneling  
  60  8:54  Ravager  
  60  8:55  Ravager  
  62  8:58  Ravager  
  63  9:05  Mutalisk x3  
  69  9:15  Drone  
  69  9:16  Spine Crawler  
  69  9:18  Drone  
  70  9:30  Overlord  
  70  9:42  Mutalisk x2  
  74  9:46  Zergling x2  
  74  9:51  Roach  
  77  9:56  Mutalisk  
  79  10:06  Drone x3  
  82  10:22  Spine Crawler  
  82  10:28  Infestation Pit  
  47  11:07  Nydus Network  
  23  11:30  Zergling x4  
  23  11:31  Zergling x2  
Show
View Real Time Build Order
Export as new Build Order

RxSeven Protoss - Winner!

Build Orders: 1 Gate Expand 

Get SALT Encoding   

  12  0:03  Probe (Chrono Boost)  
  13  0:13  Probe (Chrono Boost)  
  14  0:21  Pylon  
  14  0:24  Probe (Chrono Boost)  
  15  0:39  Probe (Chrono Boost), Gateway  
  16  0:44  Assimilator  
  16  0:49  Probe (Chrono Boost)  
  17  1:00  Probe (Chrono Boost)  
  18  1:10  Probe (Chrono Boost)  
  19  1:25  Nexus  
  19  1:28  Probe (Chrono Boost)  
  20  1:41  Cybernetics Core  
  20  1:43  Probe (Chrono Boost)  
  20  1:46  Assimilator  
  21  1:58  Pylon  
  21  2:10  Probe (Chrono Boost)  
  22  2:21  Probe (Chrono Boost)  
  23  2:27  Warp Gate, Adept  
  25  2:31  Probe (Chrono Boost)  
  26  2:42  Mothership Core (Chrono Boost)  
  28  2:46  Probe (Chrono Boost)  
  29  2:56  Probe (Chrono Boost)  
  30  3:00  Probe (Chrono Boost), Gateway x2  
  33  3:07  Probe (Chrono Boost)  
  34  3:20  Stalker  
  34  3:25  Pylon  
  34  4:01  Robotics Facility  
  34  4:04  Twilight Council  
  34  4:10  Stalker  
  34  4:11  Stalker x2  
  34  4:16  Probe (Chrono Boost)  
  42  4:17  Probe (Chrono Boost)  
  42  4:21  Assimilator  
  42  4:26  Probe (Chrono Boost)  
  42  4:29  Probe (Chrono Boost)  
  42  4:30  Pylon  
  42  4:31  Blink  
  44  4:33  Pylon  
  44  4:37  Probe (Chrono Boost)  
  45  4:41  Probe (Chrono Boost)  
  46  4:47  Probe (Chrono Boost)  
  46  4:50  Observer  
  48  5:00  Pylon  
  48  5:10  Warp Prism  
  50  5:14  Stalker x3  
  55  5:47  Observer  
  55  5:48  Probe (Chrono Boost)  
  58  5:50  Probe (Chrono Boost)  
  58  5:52  Assimilator  
  58  5:59  Probe (Chrono Boost)  
  58  6:01  Pylon  
  58  6:02  Probe (Chrono Boost)  
  60  6:06  Pylon  
  60  6:09  Gateway x2  
  60  6:11  Gateway  
  60  6:20  Pylon  
  60  6:23  Forge  
  60  6:24  Pylon  
  60  6:25  Forge  
  60  6:29  Probe (Chrono Boost)  
  60  6:30  Probe (Chrono Boost)  
  62  6:38  Stalker  
  62  6:39  Probe (Chrono Boost)  
  65  6:42  Probe (Chrono Boost), Stalker x2  
  70  7:12  Probe (Chrono Boost)  
  70  7:13  Probe (Chrono Boost)  
  72  7:17  Stalker x3, Nexus  
  78  7:23  Protoss Ground Armor Level 1, Protoss Ground Weapons Level 1  
  78  7:58  Sentry  
  78  7:59  Sentry x3  
  78  8:00  Stalker  
  78  8:02  Stalker  
  90  8:29  Probe (Chrono Boost)  
  90  8:30  Probe x2 (Chrono Boost)  
  93  8:35  Stalker x2  
  93  8:36  Stalker x3  
  93  8:37  Stalker  
  93  8:40  Probe (Chrono Boost)  
  108  8:42  Probe (Chrono Boost)  
  108  8:43  Probe (Chrono Boost)  
  108  8:47  Pylon  
  108  8:50  Assimilator  
  108  8:51  Pylon  
  108  8:54  Pylon  
  108  8:55  Assimilator  
  108  8:58  Pylon  
  108  8:59  Pylon  
  108  9:02  Pylon  
  108  9:03  Protoss Ground Weapons Level 2  
  108  9:05  Protoss Ground Armor Level 2  
  108  9:06  Pylon  
  108  9:10  Pylon  
  108  9:17  Stalker x5  
  110  9:18  Stalker  
  120  10:12  Probe (Chrono Boost)  
  120  10:13  Probe x2 (Chrono Boost)  
  123  10:22  Probe (Chrono Boost)  
  123  10:25  Probe x2 (Chrono Boost)  
  94  10:48  Stalker x4  
  94  10:49  Stalker x2  
  78  11:12  Stalker x2  
  78  11:13  Stalker x4  
  84  11:37  Stalker x4  
  84  11:38  Stalker x2  
Tags
 
Add a new tag
Caveats
  • Supply blocks, unpowered buildings, or Contaminate may cause inaccurate times.
  • Supply counts are checked every 10 seconds.